[ AOE2 MATCH · #513635979 ]
UnrankedWu vs Aztecs
Player's team · LOSS
Rival team · WIN
[ REPLAY ANALYSIS · EXTRACTED FROM THE RECORDED GAME ]
Feudal
9:16
Castle
24:03
Imperial
38:51
| APM avg | 78.0 |
| APM peak | 120 |
| eAPM avg | 30.0 |
| Villagers / military | 173 / 139 |
Focus
⚔️ 48.8% · 🌾 51.2%
Archer ×95 · Unknown (1974) ×26 · Traction Trebuchet ×14 · Skirmisher ×10 · Scorpion ×7 · Spearman ×6
Feudal
9:22
Castle
24:06
Imperial
48:25
| APM avg | 107.1 |
| APM peak | 184 |
| eAPM avg | 67.5 |
| Villagers / military | 175 / 205 |
Focus
⚔️ 72.6% · 🌾 27.4%
Archer ×85 · Jaguar Warrior ×50 · Skirmisher ×47 · Mangonel ×12 · Monk ×3 · Militia ×3
Match map
Initial resources + every placement click. Lines = walls · curves = elevation contours. ◆ gold · ⬟ stone · ● berries · ✦ relic · ◌ wall gap
Your base· Open — 8t gap
Birger Jarlsson's base· ✓ Closed at 24:06 · 100t walls · 2 gate(s)
Smoothed initial terrain · ◌ = detected wall gap · hover for details
Inputs per minute
— DGHIR | chanchilaru - - Birger Jarlsson
Build order — DGHIR | chanchilaru
First 150 of 498 actions detected
| 0:00 | Queue | Villager (Male) |
| 0:00 | Queue | Villager (Male) |
| 0:01 | Queue | Villager (Male) |
| 0:01 | Queue | Villager (Male) |
| 0:02 | Build | House |
| 0:03 | Build | House |
| 1:32 | Queue | Villager (Male) |
| 1:47 | Queue | Villager (Male) |
| 1:48 | Queue | Villager (Male) |
| 2:06 | Queue | Villager (Male) |
| 2:06 | Queue | Villager (Male) |
| 2:06 | Queue | Villager (Male) |
| 2:08 | Build | Lumber Camp |
| 2:35 | Queue | Villager (Male) |
| 2:36 | Queue | Villager (Male) |
| 3:14 | Queue | Villager (Male) |
| 3:14 | Queue | Villager (Male) |
| 3:36 | Queue | Villager (Male) |
| 3:36 | Queue | Villager (Male) |
| 3:54 | Build | House |
| 3:59 | Queue | Villager (Male) |
| 4:00 | Queue | Villager (Male) |
| 4:05 | Queue | Villager (Male) |
| 4:06 | Queue | Villager (Male) |
| 4:40 | Build | Barracks |
| 4:56 | Queue | Villager (Male) |
| 4:56 | Queue | Villager (Male) |
| 4:57 | Queue | Villager (Male) |
| 5:27 | Build | House |
| 5:33 | Queue | Militia |
| 5:33 | Queue | Militia |
| 5:49 | Queue | Villager (Male) |
| 6:20 | Research | Loom |
| 6:26 | Build | Mill |
| 7:06 | Research | Feudal Age |
| 7:07 | Research | Feudal Age |
| 7:44 | Build | Mining Camp |
| 8:45 | Queue | Militia |
| 8:46 | Queue | Villager (Male) |
| 9:13 | Queue | Villager (Male) |
| 9:16 | Age | Feudal Age |
| 9:26 | Build | Archery Range |
| 9:29 | Build | Palisade Wall |
| 9:30 | Build | Palisade Wall |
| 9:38 | Queue | Villager (Male) |
| 10:01 | Queue | Villager (Male) |
| 10:24 | Queue | Archer |
| 10:24 | Queue | Archer |
| 10:28 | Build | House |
| 10:30 | Build | House |
| 10:32 | Build | House |
| 10:37 | Build | House |
| 10:49 | Build | House |
| 11:01 | Queue | Archer |
| 11:05 | Queue | Villager (Male) |
| 11:06 | Queue | Archer |
| 11:06 | Queue | Archer |
| 11:09 | Build | Palisade Wall |
| 11:23 | Build | Blacksmith |
| 11:48 | Queue | Villager (Male) |
| 11:48 | Queue | Villager (Male) |
| 11:54 | Build | Farm |
| 12:16 | Queue | Archer |
| 12:17 | Queue | Villager (Male) |
| 12:17 | Queue | Villager (Male) |
| 12:28 | Build | Farm |
| 12:29 | Build | Farm |
| 12:32 | Research | Fletching |
| 12:50 | Build | Palisade Wall |
| 13:04 | Queue | Archer |
| 13:11 | Build | Farm |
| 13:11 | Queue | Villager (Male) |
| 13:11 | Queue | Villager (Male) |
| 13:22 | Queue | Archer |
| 13:31 | Queue | Villager (Male) |
| 13:32 | Build | Farm |
| 13:45 | Queue | Archer |
| 13:48 | Queue | Villager (Male) |
| 13:50 | Build | Archery Range |
| 14:12 | Queue | Villager (Male) |
| 14:14 | Build | Farm |
| 14:24 | Build | House |
| 14:24 | Build | House |
| 14:25 | Queue | Villager (Male) |
| 14:26 | Queue | Villager (Male) |
| 14:49 | Queue | Villager (Male) |
| 14:49 | Queue | Villager (Male) |
| 14:55 | Queue | Villager (Male) |
| 14:57 | Queue | Archer |
| 14:57 | Queue | Archer |
| 15:03 | Build | Palisade Wall |
| 15:08 | Queue | Villager (Male) |
| 15:08 | Queue | Villager (Male) |
| 15:33 | Queue | Archer |
| 15:33 | Queue | Archer |
| 15:33 | Queue | Archer |
| 15:35 | Build | House |
| 15:40 | Build | Palisade Wall |
| 15:41 | Build | Palisade Wall |
| 15:51 | Research | Man-at-Arms (upgrade) |
| 15:53 | Queue | Archer |
| 15:54 | Queue | Archer |
| 16:05 | Build | House |
| 16:31 | Build | House |
| 16:32 | Queue | Archer |
| 16:33 | Queue | Archer |
| 17:04 | Queue | Villager (Male) |
| 17:05 | Queue | Villager (Male) |
| 17:07 | Build | Farm |
| 17:07 | Build | Farm |
| 17:07 | Build | Farm |
| 17:07 | Build | Farm |
| 17:07 | Build | Farm |
| 17:08 | Build | Farm |
| 17:10 | Queue | Villager (Male) |
| 17:10 | Queue | Villager (Male) |
| 17:17 | Queue | Archer |
| 17:17 | Queue | Archer |
| 17:18 | Queue | Archer |
| 17:18 | Queue | Archer |
| 17:30 | Queue | Archer |
| 17:43 | Queue | Archer |
| 17:43 | Queue | Archer |
| 17:43 | Queue | Archer |
| 18:20 | Queue | Villager (Male) |
| 18:20 | Queue | Villager (Male) |
| 18:21 | Queue | Archer |
| 18:42 | Queue | Archer |
| 18:43 | Queue | Archer |
| 18:47 | Queue | Skirmisher |
| 18:47 | Queue | Skirmisher |
| 18:47 | Queue | Skirmisher |
| 18:52 | Build | House |
| 18:53 | Build | House |
| 19:01 | Research | Padded Archer Armor |
| 19:01 | Queue | Villager (Male) |
| 19:01 | Queue | Villager (Male) |
| 19:05 | Queue | Skirmisher |
| 19:06 | Queue | Villager (Male) |
| 19:06 | Queue | Villager (Male) |
| 19:13 | Queue | Villager (Male) |
| 19:13 | Queue | Villager (Male) |
| 19:40 | Queue | Skirmisher |
| 19:40 | Queue | Skirmisher |
| 19:43 | Build | House |
| 19:46 | Queue | Villager (Male) |
| 19:47 | Build | Lumber Camp |
| 20:00 | Build | Farm |
| 20:01 | Build | Farm |
| 20:15 | Queue | Villager (Male) |
Build order — Birger Jarlsson
First 150 of 661 actions detected
| 0:01 | Queue | Villager (Male) |
| 0:02 | Build | House |
| 0:02 | Queue | Villager (Male) |
| 0:04 | Build | House |
| 0:13 | Queue | Villager (Male) |
| 0:17 | Queue | Villager (Male) |
| 0:17 | Queue | Villager (Male) |
| 1:15 | Queue | Villager (Male) |
| 1:36 | Queue | Villager (Male) |
| 1:36 | Queue | Villager (Male) |
| 2:17 | Queue | Villager (Male) |
| 2:22 | Build | Lumber Camp |
| 2:37 | Queue | Villager (Male) |
| 3:09 | Queue | Villager (Male) |
| 3:43 | Queue | Villager (Male) |
| 3:44 | Queue | Villager (Male) |
| 3:50 | Build | House |
| 4:13 | Queue | Villager (Male) |
| 4:13 | Queue | Villager (Male) |
| 4:34 | Queue | Villager (Male) |
| 4:35 | Queue | Villager (Male) |
| 4:50 | Queue | Villager (Male) |
| 5:12 | Build | Barracks |
| 5:19 | Queue | Villager (Male) |
| 5:37 | Queue | Villager (Male) |
| 5:42 | Build | House |
| 5:48 | Queue | Villager (Male) |
| 5:58 | Queue | Villager (Male) |
| 6:08 | Build | Palisade Wall |
| 6:13 | Research | Loom |
| 6:27 | Build | House |
| 6:30 | Build | House |
| 6:35 | Build | Palisade Wall |
| 6:36 | Build | Palisade Wall |
| 6:55 | Build | Palisade Wall |
| 6:57 | Build | Palisade Wall |
| 6:58 | Build | Palisade Wall |
| 7:13 | Research | Feudal Age |
| 7:15 | Queue | Militia |
| 7:18 | Build | Palisade Wall |
| 7:21 | Build | Palisade Wall |
| 7:23 | Build | Palisade Wall |
| 7:24 | Build | Palisade Wall |
| 7:41 | Queue | Militia |
| 7:45 | Build | Palisade Wall |
| 8:01 | Build | Mill |
| 8:14 | Build | Mining Camp |
| 8:18 | Queue | Militia |
| 8:33 | Build | Palisade Wall |
| 8:34 | Build | House |
| 9:14 | Build | Palisade Wall |
| 9:22 | Age | Feudal Age |
| 9:25 | Queue | Villager (Male) |
| 9:31 | Build | Palisade Wall |
| 9:38 | Research | Man-at-Arms (upgrade) |
| 9:38 | Research | Man-at-Arms (upgrade) |
| 9:40 | Queue | Villager (Male) |
| 9:42 | Queue | Villager (Male) |
| 10:01 | Build | Archery Range |
| 10:05 | Queue | Villager (Male) |
| 10:05 | Queue | Villager (Male) |
| 10:10 | Build | House |
| 10:22 | Build | Palisade Wall |
| 10:24 | Build | House |
| 10:31 | Build | Palisade Wall |
| 10:34 | Queue | Villager (Male) |
| 10:56 | Queue | Villager (Male) |
| 10:56 | Queue | Archer |
| 10:58 | Queue | Archer |
| 11:03 | Queue | Villager (Male) |
| 11:14 | Build | Palisade Wall |
| 11:24 | Build | Farm |
| 11:39 | Queue | Spearman |
| 11:39 | Queue | Spearman |
| 11:48 | Queue | Archer |
| 11:51 | Build | Palisade Wall |
| 11:52 | Build | Palisade Wall |
| 11:53 | Build | Palisade Wall |
| 12:12 | Queue | Villager (Male) |
| 12:14 | Build | House |
| 12:18 | Build | Farm |
| 12:23 | Queue | Archer |
| 12:26 | Queue | Villager (Male) |
| 12:36 | Build | Farm |
| 12:40 | Build | Palisade Wall |
| 12:41 | Build | Palisade Wall |
| 12:47 | Queue | Archer |
| 12:49 | Build | House |
| 12:54 | Queue | Villager (Male) |
| 12:58 | Build | Farm |
| 13:02 | Queue | Archer |
| 13:23 | Build | Palisade Wall |
| 13:25 | Queue | Villager (Male) |
| 13:29 | Queue | Archer |
| 13:37 | Build | Watch Tower |
| 13:48 | Queue | Archer |
| 14:16 | Build | Blacksmith |
| 14:24 | Queue | Villager (Male) |
| 14:37 | Build | Palisade Wall |
| 14:54 | Queue | Villager (Male) |
| 14:58 | Build | Farm |
| 14:59 | Build | Farm |
| 15:03 | Research | Fletching |
| 15:06 | Queue | Skirmisher |
| 15:09 | Build | House |
| 15:15 | Queue | Villager (Male) |
| 15:17 | Build | Farm |
| 15:19 | Build | Farm |
| 15:36 | Queue | Archer |
| 15:38 | Build | Farm |
| 15:39 | Build | Farm |
| 15:46 | Queue | Villager (Male) |
| 15:48 | Build | Palisade Wall |
| 15:58 | Queue | Archer |
| 16:04 | Queue | Villager (Male) |
| 16:25 | Queue | Villager (Male) |
| 16:26 | Build | Farm |
| 16:27 | Queue | Archer |
| 16:57 | Queue | Villager (Male) |
| 16:58 | Queue | Skirmisher |
| 16:59 | Build | Archery Range |
| 17:04 | Queue | Skirmisher |
| 17:09 | Queue | Villager (Male) |
| 17:14 | Build | Farm |
| 17:28 | Build | Farm |
| 17:32 | Queue | Archer |
| 17:42 | Research | Padded Archer Armor |
| 17:43 | Queue | Archer |
| 17:43 | Queue | Villager (Male) |
| 17:50 | Build | House |
| 17:52 | Build | Palisade Wall |
| 17:53 | Build | Palisade Wall |
| 17:57 | Build | House |
| 18:03 | Queue | Skirmisher |
| 18:08 | Build | Palisade Gate |
| 18:13 | Build | Farm |
| 18:24 | Queue | Archer |
| 18:25 | Queue | Villager (Male) |
| 18:42 | Queue | Villager (Male) |
| 18:55 | Queue | Archer |
| 19:07 | Queue | Archer |
| 19:08 | Queue | Villager (Male) |
| 19:13 | Queue | Villager (Male) |
| 19:24 | Queue | Archer |
| 19:34 | Queue | Archer |
| 19:40 | Queue | Villager (Male) |
| 19:47 | Queue | Villager (Male) |
| 19:59 | Queue | Archer |
| 20:12 | Queue | Archer |
| 20:28 | Queue | Villager (Male) |
Match timeline
| 4:40 | DGHIR | chanchilaru · first_building Barracks |
| 5:12 | Birger Jarlsson · first_building Barracks |
| 6:08 | Birger Jarlsson · wall_segment Palisade Wall x2 |
| 6:35 | Birger Jarlsson · wall_segment Palisade Wall x6 |
| 6:36 | Birger Jarlsson · wall_segment Palisade Wall x4 |
| 6:55 | Birger Jarlsson · wall_segment Palisade Wall x1 |
| 6:57 | Birger Jarlsson · wall_segment Palisade Wall x1 |
| 6:58 | Birger Jarlsson · wall_segment Palisade Wall x1 |
| 7:18 | Birger Jarlsson · wall_segment Palisade Wall x1 |
| 7:21 | Birger Jarlsson · wall_segment Palisade Wall x1 |
| 7:23 | Birger Jarlsson · wall_segment Palisade Wall x1 |
| 7:24 | Birger Jarlsson · wall_segment Palisade Wall x1 |
| 7:45 | Birger Jarlsson · wall_segment Palisade Wall x4 |
| 8:33 | Birger Jarlsson · wall_segment Palisade Wall x1 |
| 9:14 | Birger Jarlsson · wall_segment Palisade Wall x1 |
| 9:16 | DGHIR | chanchilaru · age_up feudal |
| 9:22 | Birger Jarlsson · age_up feudal |
| 9:26 | DGHIR | chanchilaru · first_building Archery Range |
| 9:29 | DGHIR | chanchilaru · wall_segment Palisade Wall x1 |
| 9:30 | DGHIR | chanchilaru · wall_segment Palisade Wall x1 |
| 9:31 | Birger Jarlsson · wall_segment Palisade Wall x4 |
| 10:01 | Birger Jarlsson · first_building Archery Range |
| 10:22 | Birger Jarlsson · wall_segment Palisade Wall x1 |
| 10:31 | Birger Jarlsson · wall_segment Palisade Wall x9 |
| 11:09 | DGHIR | chanchilaru · wall_segment Palisade Wall x1 |
| 11:14 | Birger Jarlsson · wall_segment Palisade Wall x5 |
| 11:51 | Birger Jarlsson · wall_segment Palisade Wall x1 |
| 11:52 | Birger Jarlsson · wall_segment Palisade Wall x1 |
| 11:53 | Birger Jarlsson · wall_segment Palisade Wall x1 |
| 12:40 | Birger Jarlsson · wall_segment Palisade Wall x3 |
| 12:41 | Birger Jarlsson · wall_segment Palisade Wall x3 |
| 12:50 | DGHIR | chanchilaru · wall_segment Palisade Wall x12 |
| 13:23 | Birger Jarlsson · wall_segment Palisade Wall x1 |
| 14:37 | Birger Jarlsson · wall_segment Palisade Wall x1 |
| 15:03 | DGHIR | chanchilaru · wall_segment Palisade Wall x6 |
| 15:40 | DGHIR | chanchilaru · wall_segment Palisade Wall x3 |
| 15:41 | DGHIR | chanchilaru · wall_segment Palisade Wall x10 |
| 15:48 | Birger Jarlsson · wall_segment Palisade Wall x10 |
| 17:52 | Birger Jarlsson · wall_segment Palisade Wall x1 |
| 17:53 | Birger Jarlsson · wall_segment Palisade Wall x1 |
| 20:25 | DGHIR | chanchilaru · wall_segment Palisade Wall x3 |
| 21:14 | Birger Jarlsson · first_market_buy 100 food |
| 21:48 | Birger Jarlsson · wall_segment Palisade Wall x16 |
| 21:50 | Birger Jarlsson · wall_segment Palisade Wall x1 |
| 22:47 | DGHIR | chanchilaru · wall_segment Palisade Wall x1 |
| 23:06 | Birger Jarlsson · wall_segment Stone Wall x1 |
| 23:07 | Birger Jarlsson · wall_segment Stone Wall x1 |
| 23:16 | Birger Jarlsson · wall_segment Palisade Wall x7 |
| 23:22 | Birger Jarlsson · wall_segment Palisade Wall x4 |
| 23:32 | DGHIR | chanchilaru · first_market_buy 100 wood |
| 23:39 | Birger Jarlsson · wall_segment Palisade Wall x7 |
| 24:03 | DGHIR | chanchilaru · age_up castle |
| 24:06 | Birger Jarlsson · age_up castle |
| 24:26 | DGHIR | chanchilaru · wall_segment Palisade Wall x12 |
| 24:28 | Birger Jarlsson · first_building Siege Workshop |
| 25:38 | DGHIR | chanchilaru · first_building Siege Workshop |
| 26:34 | DGHIR | chanchilaru · first_market_sell 100 wood |
| 36:12 | Birger Jarlsson · first_building Castle |
| 38:51 | DGHIR | chanchilaru · age_up imperial |
| 43:34 | Birger Jarlsson · first_building Monastery |
| 45:15 | Birger Jarlsson · first_market_sell 100 food |
| 48:25 | Birger Jarlsson · age_up imperial |
| 51:05 | DGHIR | chanchilaru · first_building Castle |
| 51:21 | DGHIR | chanchilaru · wall_segment Stone Wall x2 |
| 51:22 | DGHIR | chanchilaru · wall_segment Stone Wall x1 |
| 51:43 | DGHIR | chanchilaru · resign |
[ AI ANALYSIS · 1 CREDIT ]
What really happened in this match?
Wolo.gg analyzes every decision: build order, eco, micro, common mistakes by bracket. Personalized analysis on WhatsApp or Discord in 30 seconds.
Civ guide
Wu
Perfil
Jugador #557273